 Dungeon Crawl Stone Soup version 0.21-a0-279-g6037ffb (webtiles) character file.

27 tidbits the Grave Robber (level 2, 5/20 HPs)
             Began as a Draconian Necromancer on Sept 23, 2017.
             Quit the game on level 2 of the Dungeon.
             The game lasted 00:03:48 (519 turns).

tidbits the Grave Robber (Draconian Necromancer)     Turns: 519, Time: 00:03:48

Health: 5/20       AC:  5    Str: 10    XL:     2   Next: 93%
Magic:  5/5        EV: 12    Int: 15    God:
Gold:   46         SH:  0    Dex: 11    Spells: 3/5 levels left

rFire    . . .     SeeInvis .   c - +0 spear
rCold    . . .     Gourm    .   (no shield)
rNeg     . . .     Faith    .   (armour unavailable)
rPois    .         Spirit   .   (helmet restricted)
rElec    .         Reflect  .   (no cloak)
rCorr    .         Harm     .   G - +0 pair of gloves
MR       .....                  (no boots)
Stlth    ++........             (no amulet)
HPRegen  0.06/turn              e - ring of flight
MPRegen  0.09/turn              (no ring)

@: lethally poisoned (5 -> 0)
A: unfitting armour, cold-blooded, AC +4
a: Evoke Flight


You were on level 2 of the Dungeon.
You were not hungry.

You visited 1 branch of the dungeon, and saw 3 of its levels.

You collected 46 gold pieces.

Inventory:

Hand Weapons
 c - a +0 spear (weapon)
Missiles
 g - 63 arrows
 h - 2 needles of frenzy
Armour
 G - a +0 pair of gloves (worn)
Jewellery
 e - a ring of flight (left hand)
   (You found it on level 1 of the Dungeon)
Scrolls
 d - a scroll of identify
 i - a scroll of amnesia
Books
 a - a book of Necromancy

   Spells                             Type                      Level
   a - Pain                           Necromancy                   1
   b - Animate Skeleton               Necromancy                   1
   c - Vampiric Draining              Necromancy                   3
   d - Regeneration                   Charms/Necromancy            3
   e - Animate Dead                   Necromancy                   4
   f - Control Undead                 Necromancy                   4
Comestibles
 b - a bread ration
 f - a chunk of flesh


   Skills:
 - Level 1.7 Dodging
 - Level 1.7 Stealth
 + Level 2.3 Spellcasting
 * Level 4.7 Necromancy


You had 3 spell levels left.
You knew the following spells:

 Your Spells              Type           Power        Failure   Level  Hunger
n - Animate Skeleton      Necr           N/A          3%          1    #......
z - Pain                  Necr           ###.         3%          1    #......


Dungeon Overview and Level Annotations

Branches:
Dungeon (3/15)

Altars:


Innate Abilities, Weirdness & Mutations

Your plain brown scales are hard. (AC +4)
You cannot fit into any form of body armour.
You are cold-blooded and may be slowed by cold attacks.


Message History

Confirm with . or Enter, or press ? or * to list all spells.
Aiming: Pain
Press: ? - help, Shift-Dir - straight line, f - dart slug
Aim: a dart slug (clinging, chance to defeat MR: 85%)
The dart slug writhes in agony!
Casting: Pain
Confirm with . or Enter, or press ? or * to list all spells.
Aiming: Pain
Press: ? - help, Shift-Dir - straight line, f/p - dart slug
Aim: a dart slug (lightly wounded, clinging, chance to defeat MR: 85%)
The dart slug writhes in agony!
The goblin hits you. The dart slug bites you.
* * * LOW HITPOINT WARNING * * *
You hit the dart slug.
The dart slug is severely wounded.
The goblin hits you but does no damage.
You hit the dart slug but do no damage.
The dart slug is severely wounded.
The dart slug bites you but does no damage.
You hit the dart slug.
The dart slug is almost dead.
The goblin hits you.
* * * LOW HITPOINT WARNING * * *
You hit the dart slug but do no damage.
The dart slug is almost dead.
The goblin misses you. The dart slug bites you.
* * * LOW HITPOINT WARNING * * *
You hit the dart slug but do no damage.
The dart slug is almost dead.
You hit the dart slug.
You kill the dart slug!
The goblin hits you but does no damage.
You hit the jackal. You tail-slap the jackal.
You kill the jackal!
The goblin hits you but does no damage.
Things that are here:
a jackal corpse; a dart slug corpse Attack whom?
Press: ? - help, Dir - move target cursor, f - goblin
Aim: a goblin You reach to attack!
You closely miss the goblin.
A kobold comes into view. It is wielding a club.
You see here a runed leather armour.
There is a stone staircase leading down here.
You climb downwards.
There is a stone staircase leading up here.
Found 2 needles of frenzy.
You see here 2 needles of frenzy.
h - 2 needles of frenzy Your extra speed is starting to run out.
Found a scroll labeled JIOZAA OCSELOGONLE.
You feel yourself slow down.
i - a scroll labeled JIOZAA OCSELOGONLE
Found 22 arrows.
Found 14 gold pieces.
g - 63 arrows (gained 22)
You now have 46 gold pieces (gained 14).
Some of the chunks of flesh in your inventory have rotted away.
A goblin comes into view. It is wielding a club.
An adder comes into view.
Casting: Pain
Confirm with . or Enter, or press ? or * to list all spells.
You can't see any susceptible monsters within range! (Use Z to cast anyway.)
The adder hisses angrily.
The adder moves out of view.
An adder comes into view.
Casting: Pain
Confirm with . or Enter, or press ? or * to list all spells.
You can't see any susceptible monsters within range! (Use Z to cast anyway.)
A hobgoblin comes into view. It is wielding a club.
The adder moves out of view.
Casting: Pain
Confirm with . or Enter, or press ? or * to list all spells.
Aiming: Pain
Press: ? - help, Shift-Dir - straight line, f - goblin
Aim: a goblin, wielding a club (hasn't noticed you, chance to defeat MR: 85%)
The goblin shouts!
The goblin writhes in agony!
The hobgoblin shouts!
You hear an angry hiss. x2
You swap places.
Your jackal skeleton crumbles into dust!
Casting: Pain
Confirm with . or Enter, or press ? or * to list all spells.
Aiming: Pain
Press: ? - help, Shift-Dir - straight line, f/p - goblin
Aim: a goblin, wielding a club (severely wounded, chance to defeat MR: 85%)
The goblin writhes in agony!
As you read the scroll of identify, it crumbles to dust.
i - a scroll of amnesia The adder barely misses you.
The adder bites you.
* * * LOW HITPOINT WARNING * * *
You are lethally poisoned!
The adder poisons you!
* * * LOW HITPOINT WARNING * * *
You feel sick.
* * * LOW HITPOINT WARNING * * *
You feel sick.
You aren't carrying any potions.
Unknown command.
Are you sure you want to abandon this character and quit the game? (Confirm with "yes".)

#...# #........# #...#
##........# .....#
#...#####.........# .....#
###..........g....##.......#
##.#.#.#.#.#........ ....######
#............g..## #........
#.#.#.#.#.#.#S.(###### #........
#.............S......# #........
######.##.#####@.....# #........
#.......##......###........
#######.......#..................
#.............#...).............#
#........######.#<..#....########
#........######.#####....#
#...............#......###
#######.#.#######.####.#
#.#.#######.#....#


You could see 2 adders, a hobgoblin and a goblin.

Vanquished Creatures
  An adder (D:2)
  An ooze (D:1)
  A dart slug (D:1)
  A goblin (D:2)
  3 jackals
  3 bats
  A frilled lizard (D:1)
  2 kobolds
13 creatures vanquished.

Notes
Turn   | Place    | Note
-------+----------+-------------------------------------------
     0 | D:1      | tidbits the Draconian Necromancer began the quest for the Orb.
     0 | D:1      | Reached XP level 1. HP: 14/14 MP: 3/3
    28 | D:1      | Learned a level 1 spell: Animate Skeleton
   254 | D:2      | Reached XP level 2. HP: 16/20 MP: 5/5
   519 | D:2      | Quit the game

Vault maps used:
D:1:      minmay_arrival_open_corners, st_stairs_6
D:2:      minmay_misc_feat_pillars, minmay_hexomino_f4
D:3:      first_bread

Action                   || total
-------------------------++-------
Melee: Spear             ||    19
       Tailslap          ||     2
 Cast: Pain              ||    18
       Animate Skeleton  ||     3
  Use: Scroll            ||     2
       Potion            ||     2
Armor: Skin              ||    12
Dodge: Dodged            ||    10

Table legend:
 A = Spawn XP
 B = Non-spawn XP
 C = Spawn XP percentage of total XP
 D = Spawn monster count
 E = Non-spawn monster count
 F = Spawn count percentage of total count
 G = Total turns spent on level
                    A         B        C        D         E        F      G
               +---------+---------+-------+---------+---------+-------+---------
         Total |       0 |      39 |   0.0 |       0 |      13 |   0.0 |   519
               +---------+---------+-------+---------+---------+-------+---------
           D:1 |       0 |      16 |   0.0 |       0 |       6 |   0.0 |   176
           D:2 |       0 |      23 |   0.0 |       0 |       7 |   0.0 |   341
               +---------+---------+-------+---------+---------+-------+---------

Table legend:
 A = Turns spent in this place as a percentage of turns spent in the entire game.
 B = Non-inter-level travel turns spent in this place as a percentage of non-inter-level travel turns spent in the entire game.
 C = Inter-level travel turns spent in this place as a percentage of turns spent in this place.
 D = Turns resting spent in this place as a percentage of non-inter-level travel turns spent in this place.
 E = Turns spent auto-exploring this place as a percentage of non-inter-level travel turns spent in this place.
 F = Non-inter-level travel turns spent in this place divided by the number of levels of this place that you've seen.
                   A       B       C       D       E      F
               +-------+-------+-------+-------+-------+----------------------
         Total | 100.0 | 100.0 |   0.0 |   0.0 |   0.0 | 173.0
       Dungeon | 100.0 | 100.0 |   0.0 |   0.0 |   0.0 | 173.0
               +-------+-------+-------+-------+-------+----------------------

Table legend:
 A = Kills in this place as a percentage of kills in entire the game.
 B = Kills by you in this place as a percentage of kills by you in the entire game.
 C = Kills by friends in this place as a percentage of kills by friends in the entire game.
 D = Other kills in this place as a percentage of other kills in the entire game.
 E = Experience gained in this place as a percentage of experience gained in the entire game.
 F = Experience gained in this place divided by the number of levels of this place that you have seen.
                   A       B       C       D       E      F
               +-------+-------+-------+-------+-------+----------------------
         Total | 100.0 | 100.0 |   N/A |   N/A | 100.0 |  13.0
       Dungeon | 100.0 | 100.0 |   N/A |   N/A | 100.0 |  13.0
               +-------+-------+-------+-------+-------+----------------------

Vault maps used:
D:1:      minmay_arrival_open_corners, st_stairs_6
D:2:      minmay_misc_feat_pillars, minmay_hexomino_f4
D:3:      first_bread
